 Dungeon Crawl Stone Soup version 0.30-a0-778-g2ef04afb54 (webtiles) character file.

Game seed: 6201387986670883939

101 MachoJfn the Ducker (level 4, -2/34 HPs)
             Began as a Demonspawn Gladiator on Feb 15, 2023.
             Slain by an iguana (8 damage)
             ... on level 4 of the Dungeon.
             The game lasted 00:12:34 (2899 turns).

MachoJfn the Ducker (Demonspawn Gladiator)          Turns: 2899, Time: 00:12:34

Health: -2/34      AC: 10    Str: 19    XL:     4   Next: 48%
Magic:  4/4        EV: 12    Int: 10    God:
Gold:   192        SH:  0    Dex: 10    Spells: 3/3 levels left

rFire   . . .      SeeInvis .    j - +3 spear (distort)
rCold   . . .      Faith    .    (no shield)
rNeg    . . .      Spirit   .    p - +2 leather armour of the Merchant {Rampage rCorr Str+3 Dex-4}
rPois   .          Reflect  .    c - +0 helmet
rElec   .          Harm     .    (no cloak)
rCorr   +          Rampage  +    (no gloves)
Will    .....                    (no boots)
Stlth   +                        (no amulet)
HPRegen 0.25/turn                h - +4 ring of protection
MPRegen 0.09/turn                (no ring)

@: no status effects
A: demonic magic 1
a: no special abilities


You were on level 4 of the Dungeon.
You visited 1 branch of the dungeon, and saw 4 of its levels.

You collected 192 gold pieces.

Inventory:

Hand Weapons
 j - a +3 spear of distortion (weapon)
Missiles
 d - 3 throwing nets
 e - a javelin
Armour
 c - a +0 helmet (worn)
 p - the +2 leather armour of the Merchant (worn) {Rampage rCorr Str+3 Dex-4}
   (You found it on level 3 of the Dungeon)

   Str:       It affects your strength (+3).
   Dex:       It affects your dexterity (-4).
   rCorr:     It protects you from acid and corrosion.
   Rampage:   It bestows one free step when moving towards enemies.
Jewellery
 h - a +4 ring of protection (left hand)
Wands
 f - a wand of digging (6)
Scrolls
 a - 3 scrolls of teleportation
 g - a scroll of identify
 k - a scroll of noise
Potions
 b - a potion of magic {unknown}


   Skills:
 + Level 2.3 Fighting
 + Level 3.3(3.5) Axes
 + Level 1.2(2.4) Polearms
 + Level 1.9 Throwing
 + Level 1.0 Armour
 + Level 3.4 Dodging
 + Level 0.6 Stealth


You had 3 spell levels left.
You didn't know any spells.
Your spell library contained the following spells:

 Spells                   Type           Power      Damage    Failure   Level
 Slow                     Hex            0%         N/A       41%         1
 Confusing Touch          Hex            0%         N/A       80%         3
 Ignite Poison            Fire/Tmut/Pois 0%         N/A       80%         3
 Kindle Blastsparks       Fire/Tloc/Air  0%         2d10      80%         3
 Vampiric Draining        Necr           0%         2d6       80%         3
 Freezing Cloud           Conj/Ice/Air   0%         6-21      100%        5


Dungeon Overview and Level Annotations

Branches:
Dungeon (4/15)
 Temple: D:4-7

Altars:
Kikubaaqudgha
Sif Muna
Trog
Xom

Shops:
D:3 (


Innate Abilities, Weirdness & Mutations

Spells you cast may paralyse adjacent enemies.


Message History

The jackal is moderately wounded.
The jackal blinks!
The jackal misses you.
Found a clear potion.
The jackal closely misses you.
You hit the jackal but do no damage.
Space warps horribly around the jackal!!
You kill the jackal!
You hit the iguana but do no damage.
Space warps around the iguana.
The iguana is moderately wounded.
The jackal bites you but does no damage.
The iguana bites you.
You hit the iguana.
Space warps around the iguana.
The iguana is severely wounded.
The jackal closely misses you. The iguana closely misses you.
The jackal barely misses you.
You barely miss the iguana.
The iguana is heavily wounded.
The jackal bites you. The iguana bites you!
You closely miss the iguana.
The iguana is heavily wounded.
The jackal barely misses you. The iguana closely misses you.
The jackal closely misses you.
You barely miss the iguana.
The iguana is heavily wounded.
The iguana misses you. The jackal barely misses you.
You closely miss the iguana.
The iguana is heavily wounded.
The jackal closely misses you. The iguana barely misses you.
You closely miss the iguana.
The iguana is heavily wounded.
The jackal bites you but does no damage.
The iguana bites you but does no damage.
The jackal bites you.
You hit the iguana.
The iguana is severely wounded.
The jackal closely misses you. The iguana bites you!
* * * LOW HITPOINT WARNING * * *
You barely miss the iguana.
The iguana is severely wounded.
The jackal misses you. The iguana bites you!
You die...

!........
!)........
..........
....)....#
.........#
.........#
.......h.#
.......l@#
.........#
#######'##
#.# #.#
#.# #.#
#.... #.#
#.... #.#
#....


You could see an iguana and a jackal.

Vanquished Creatures
  4 adders
  2 worms
  2 orcs (D:3)
  6 ball pythons
  7 endoplasms
  3 giant cockroaches
  3 goblins
  4 hobgoblins
  3 jackals (D:4)
  A kobold (D:2)
  A quokka (D:2)
  6 bats
  3 frilled lizards
  4 rats
49 creatures vanquished.

Vanquished Creatures (others)
  4 fungi (D:1)
  3 toadstools (D:1)
7 creatures vanquished.

Grand Total: 56 creatures vanquished

Notes
Turn   | Place    | Note
-------+----------+-------------------------------------------
     0 | D:1      | MachoJfn the Demonspawn Gladiator began the quest for the
                  | Orb.
     0 | D:1      | Reached XP level 1. HP: 16/16 MP: 1/1
   100 | D:1      | Gained mutation: Spells you cast may paralyse adjacent
                  | enemies. [demonic ancestry]
   100 | D:1      | Reached XP level 2. HP: 22/22 MP: 2/2
   803 | D:2      | Reached XP level 3. HP: 27/27 MP: 3/3
  1758 | D:3      | Reached XP level 4. HP: 33/33 MP: 4/4
  1907 | D:3      | Reached skill level 1 in Polearms
  1949 | D:3      | Reached skill level 1 in Armour
  2048 | D:3      | Identified the +2 leather armour of the Merchant {Rampage
                  | rCorr Str+3 Dex-4}
  2292 | D:3      | Found Ivos's Antique Weapon Emporium.
  2348 | D:3      | Found an ancient bone altar of Kikubaaqudgha.
  2349 | D:3      | Found a shimmering blue altar of Sif Muna.
  2350 | D:3      | Found a shimmering altar of Xom.
  2490 | D:3      | Found a bloodstained altar of Trog.
  2899 | D:4      | Slain by an iguana

Illustrated notes

Levels and vault maps discovered:
D:1:      sevenhm_arrival_forest_fort_small_5, layout_loops_cross,
          minmay_gold_behind_fungi
D:2:      layout_basic
D:3:      layout_basic, trog_book, mainiacjoe_overflow_alcove_3, serial_shops,
          nicolae_shop_hallway_plus
D:4:      layout_basic

Skill      XL: |  1  2  3  4 |
---------------+-------------+-----
Axes           | 3 |  3.3
Dodging        | 3 |  3.4
Polearms       | 1 |  1.2
Armour         | 1 |  1.0
Fighting       | |  2.3
Throwing       | |  1.9
Stealth        | |  0.6

Action                     |  1- 3 |  4- 6 || total
---------------------------+-------+-------++-------
  Melee: War axe           |    33 |       ||    33
         Spear             |    58 |    45 ||   103
    Use: Scroll            |     6 |     2 ||     8
         Potion            |       |     3 ||     3
   Stab: Sleeping          |     3 |       ||     3
 Armour: Leather armour    |    25 |     9 ||    34
         Scale mail        |     3 |     6 ||     9
  Dodge: Dodged            |    37 |    26 ||    63

Table legend: (Time is in decaauts)
 A = Elapsed time spent in this place.
 B = Non-inter-level travel time spent in this place.
 C = Inter-level travel time spent in this place.
 D = Time resting spent in this place.
 E = Time spent auto-exploring this place.
 F = Levels seen in this place.
 G = Mean time per level.
                   A        B        C        D        E       F      G
               +--------+--------+--------+--------+--------+-----+--------+
         Total |   2932 |   2352 |    580 |    417 |   1508 |   4 |  733.0 |
       Dungeon |   2932 |   2352 |    580 |    417 |   1508 |   4 |  733.0 |
               +--------+--------+--------+--------+--------+-----+--------+

Top non-repeatable levels by time:
     D:3: 1146 daAuts
     D:2: 906 daAuts
     D:1: 788 daAuts
     D:4: 91 daAuts
